AoeStats
← Chris Becker

Black Forest

509637550Analyzed
4v4 RM · 5d ago on Sep 27, 2026· 55m 58s· 8 players
Game mode
Random Map
Map size
Large (8 player)
Population
200
Speed
Normal
Resources
Standard
Victory
Conquest
Starting age
Dark Age
Ending age
Imperial Age
RankedLock teamsTeams togetherTeam positionsShared explorationLock speedFull tech treeHidden civsTurbo modeCheats
Victory
Defeat
🇬🇧 Saracens · United Kingdom
1754
+13
🇳🇱 Wei · Netherlands
1722
+14
🇦🇱 Lithuanians · Albania
1628
+18
🇩🇪 Vietnamese · Germany
1486
+23
🇮🇹 Japanese · Italy
1698
-18
🇮🇹 Sicilians · Italy
1690
-18
🇮🇹 Burmese · Italy
1674
-17
🇮🇹 Berbers · Italy
1631
-15
BalkanRedneck
10:12 Feudal Age
12:18 Loom
12:25 Double-Bit Axe
14:41 Castle Age
17:30 Bow Saw
20:42 Wheelbarrow
20:01 Horse Collar
21:12 Heavy Plow
23:33 Hand Cart
25:07 Gold Mining
29:38 Imperial Age
27:21 Bloodlines
27:12 Husbandry
27:18 Scale Barding Armor
27:42 Stone Mining
28:57 Chain Barding Armor
29:14 Forging
29:51 Stone Shaft Mining
29:24 Treadmill Crane
31:51 Two-Man Saw
31:22 Crop Rotation
31:28 Plate Barding Armor
31:29 Iron Casting
31:29 Conscription
31:19 Fletching
31:51 Ballistics
32:31 Chemistry
31:57 Guilds
31:18 Elite Leitis
32:27 Conscription
34:13 Bodkin Arrow
35:59 Bracer
38:07 Caravan
52:40 Coinage
54:45 Masonry
Ulfaith
10:50 Feudal Age
14:34 Castle Age
12:22 Double-Bit Axe
12:30 Horse Collar
13:47 Scale Barding Armor
18:20 Bow Saw
26:36 Wheelbarrow
26:04 Town Watch
27:08 Loom
27:48 Chain Barding Armor
30:29 Bloodlines
32:59 Imperial Age
30:30 Gold Mining
31:29 Forging
32:04 Husbandry
34:17 Heavy Plow
34:54 Gold Shaft Mining
35:44 Chemistry
35:21 Conscription
35:34 Onager
40:28 Siege Engineers
39:50 Siege Onager
39:51 Light Cavalry
41:08 Plate Barding Armor
41:24 Hussar
44:09 Iron Casting
45:09 Caravan
51:08 Coinage
55:08 Masonry
Chris Becker
6:50 Loom
10:11 Feudal Age
11:51 Fletching
22:08 Castle Age
20:35 Double-Bit Axe
21:11 Padded Archer Armor
22:06 Gold Mining
22:29 Horse Collar
25:12 Bow Saw
28:08 Heavy Plow
29:41 Wheelbarrow
33:23 Imperial Age
30:30 Crossbowman
31:37 Bodkin Arrow
32:53 Ballistics
32:42 Thumb Ring
33:16 Hand Cart
33:58 Masonry
34:15 Arbalester
37:45 Chemistry
37:57 Caravan
41:32 Two-Man Saw
40:38 Bracer
40:54 Leather Archer Armor
41:34 Paper Money
43:03 Ring Archer Armor
43:11 Crop Rotation
44:39 Siege Engineers
47:22 Scale Barding Armor
47:28 Forging
47:20 Elite Battle Elephant
48:11 Bloodlines
48:02 Husbandry
48:24 Chain Barding Armor
49:32 Iron Casting
53:45 Plate Barding Armor
Loki
0:47 Loom
11:07 Feudal Age
11:51 Double-Bit Axe
12:51 Fletching
14:10 Horse Collar
15:45 Gold Mining
21:14 Castle Age
20:20 Padded Archer Armor
21:51 Bodkin Arrow
21:17 Crossbowman
22:48 Bow Saw
23:21 Wheelbarrow
29:50 Heavy Plow
30:08 Hand Cart
34:48 Imperial Age
33:50 Scale Barding Armor
33:55 Forging
34:29 Gold Shaft Mining
33:45 Stone Mining
34:39 Tuntian
35:35 Chain Barding Armor
37:55 Ballistics
38:36 Chemistry
39:21 Iron Casting
41:23 Masonry
40:55 Treadmill Crane
41:16 Caravan
42:43 Blast Furnace
44:04 Conscription
45:15 Bracer
45:30 Leather Archer Armor
46:28 Thumb Ring
46:49 Parthian Tactics
GdR_Polemos
5:37 Loom
8:30 Feudal Age
8:57 Double-Bit Axe
11:36 Horse Collar
16:56 Wheelbarrow
20:16 Castle Age
19:12 Town Watch
21:45 Bow Saw
21:54 Heavy Plow
25:30 Gold Mining
25:31 Stone Mining
31:21 Imperial Age
29:07 Hand Cart
29:47 Gold Shaft Mining
29:48 Stone Shaft Mining
29:35 Scale Mail Armor
29:57 First Crusade
30:14 First Crusade
30:40 Stone Shaft Mining
30:32 Pikeman
31:28 Forging
31:22 Capped Ram
31:24 Elite Serjeant
32:28 Conscription
32:33 Chain Mail Armor
32:20 Halberdier
32:51 Siege Ram
34:13 Siege Engineers
34:57 Plate Mail Armor
35:03 Iron Casting
35:40 Fletching
37:39 Ballistics
38:19 Chemistry
37:05 Arrowslits
38:25 Chemistry
37:50 Squires
38:11 Bodkin Arrow
38:53 Bracer
39:54 Blast Furnace
50:26 Coinage
50:07 Guilds
49:58 Caravan
52:19 Banking
HSL | P3rk_Ita
12:09 Feudal Age
16:05 Castle Age
14:17 Double-Bit Axe
14:13 Horse Collar
17:24 Bow Saw
17:23 Heavy Plow
22:45 Town Watch
23:26 Loom
24:58 Wheelbarrow
25:57 Stone Mining
27:53 Gold Mining
30:57 Imperial Age
28:54 Hand Cart
29:19 Fletching
29:58 Bodkin Arrow
30:22 Padded Archer Armor
31:21 Ballistics
31:43 Gold Shaft Mining
31:51 Leather Archer Armor
31:55 Bracer
32:59 Chemistry
33:03 Conscription
33:14 Ring Archer Armor
33:26 Stone Shaft Mining
33:23 Crop Rotation
33:11 Town Patrol
34:35 Kasbah
34:37 Maghrebi Camels
35:38 Caravan
35:51 Guilds
36:12 Coinage
35:55 Siege Engineers
36:37 Elite Camel Archer
41:18 Masonry
42:43 Bloodlines
42:34 Husbandry
44:08 Hoardings
45:16 Scale Barding Armor
45:22 Forging
49:01 Light Cavalry
53:02 Iron Casting
52:07 Capped Ram
55:04 Chain Barding Armor
56:00 Blast Furnace
GdR_Matteo
4:38 Loom
9:43 Feudal Age
10:30 Double-Bit Axe
11:37 Town Watch
11:55 Horse Collar
20:24 Castle Age
22:43 Bow Saw
24:53 Guard Tower
25:37 Fletching
26:21 Bodkin Arrow
35:59 Wheelbarrow
35:33 Heavy Plow
35:53 Fortified Wall
40:07 Imperial Age
38:46 Scale Mail Armor
38:50 Stone Mining
38:50 Gold Mining
38:54 Pikeman
39:34 Squires
40:15 Halberdier
41:53 Chain Mail Armor
43:51 Plate Mail Armor
44:56 Ballistics
45:18 Bracer
45:19 Arrowslits
46:34 Chemistry
47:25 Keep
47:39 Conscription
47:27 Yasama
49:28 Caravan
50:05 Forging
52:28 Kataparuto
52:52 Iron Casting
Zaffo
11:06 Feudal Age
15:41 Castle Age
13:23 Horse Collar
16:40 Heavy Plow
19:56 Fervor
23:57 Wheelbarrow
23:07 Loom
23:08 Town Watch
23:29 Gold Mining
23:30 Stone Mining
30:03 Imperial Age
27:49 Hand Cart
29:39 Scale Barding Armor
30:24 Forging
30:42 Chain Barding Armor
31:26 Gold Shaft Mining
31:12 Chain Barding Armor
30:46 Fletching
30:57 Padded Archer Armor
31:48 Conscription
32:11 Crop Rotation
31:41 Bodkin Arrow
32:13 Guilds
32:07 Treadmill Crane
32:33 Siege Engineers
33:01 Bracer
32:49 Elite Arambai
34:48 Chemistry
34:08 Ballistics
34:20 Parthian Tactics
34:08 Bloodlines
33:58 Husbandry
38:03 Iron Casting
37:48 Chain Barding Armor
36:51 Elite Battle Elephant
38:19 Caravan
38:57 Howdah
42:28 Blast Furnace
42:03 Plate Barding Armor
44:43 Masonry
49:30 Light Cavalry
Connection lost

Rejoining the realm…

Still unreachable

The connection could not be restored.

Session expired

The server has moved on; the page needs a fresh start.